Connexion

Bruins vs Moose

Created - 1 mai 2024 at 07:59

Goals
1 2 3 OT1 T
Bruins 2 2 1 1 6
Moose 1 3 1 0 5
Shots
1 2 3 OT1 T
Bruins 16 12 4 1 33
Moose 13 14 16 5 48

GoalsPenalties
1st period
1. Moose , Jacob Nilsson 4 (Fredrik Claesson 6) at 0:18
2. Bruins , Jakob Forsbacka-Karlsson 2 (Reilly Walsh 6) at 15:30
3. Bruins , Hunter Shinkaruk 2 (Jansen Harkins 4, Reid Boucher 2) at 16:29
Matej Stransky (PRO) for Roughing (Minor) at 9:07
2nd period
4. Bruins , Nathan Bastian 2 (Bryce Kindopp 6, Reilly Walsh 7) at 1:45 (PP)
5. Bruins , Josh Brook 2 (Julius Honka 8, Jansen Harkins 5) at 5:26 (PP)
6. Moose , Nikita Scherbak 2 (Damien Giroux 4, Fredrik Claesson 7) at 9:06
7. Moose , Jake Virtanen 10 (Pierre Engvall 11, Derrick Pouliot 3) at 13:46
8. Moose , Pierre Engvall 3 (Fredrik Claesson 8, Jake Virtanen 10) at 17:30
Nikita Scherbak (MAN) for Holding (Minor) at 0:56
Wyatte Wylie (MAN) for Tripping (Minor) at 4:43
3rd period
9. Moose , Pierre Engvall 4 (Jacob Nilsson 6, Jake Virtanen 11) at 4:10 (PP)
10. Bruins , Reid Boucher 4 (Julius Honka 9, Jansen Harkins 6) at 7:44 (PP)
Michal Kempny (PRO) for Hooking (Minor) at 1:30
Darren Dietz (PRO) for Tripping (Minor) at 3:34
Thomas Hickey (MAN) for Roughing (Minor) at 6:18
Jansen Harkins (PRO) for High sticking (Minor) at 9:42
Overtime #1
11. Bruins , Nathan Bastian 3 (Jesse Graham 5) at 6:24 (SH)
Michal Kempny (PRO) for Interference (Minor) at 0:27
Michal Kempny (PRO) for Interference (Minor) at 5:47
Goalie Stats
Joey Daccord (PRO), 43 saves from 48 shots - (0,896), W, 7-2-0, 66:25 minutes
Kaden Fulcher (MAN), 27 saves from 33 shots - (0,818), OTL, 6-2-1, 66:25 minutes
3 StarsOfficial
1 - Jake Virtanen (MAN)
2 - Pierre Engvall (MAN)
3 - Nathan Bastian (PRO)
Referees : Stephane Auger and Chris Lee
Linesman : Mark Shewchyk and Dan Schachte
Game Note
No Game Note
Finance
Level 1 -- Attendance: 2000 (100,00%) -- Ticket Income $70,000
Level 2 -- Attendance: 1000 (100,00%) -- Ticket Income $15,000
Total Attendance: 3000 (100,00%)
Total Ticket Income: $85,000
Other Income: $17,000
Total Income: $102,000



Team Name Goals Shots Shots Attemp Shots Blocked PIM HIT PP PK FO%
Bruins 633601212313 / 3 (100%)146%
Moose 5489276241 / 6 (17%)354%

Bruins
Player Name POS G A P +/- PIM HIT SHT SB MP PP MP PP SHT PK MP PK SHT FO% FOT
Bryce KindoppRW011-2005026:511:1815:51069% 13
Darren DietzD0001220114:300:0000:0000% 0
Derek GrantC/LW/RW000-3000023:551:1802:55020% 5
Hunter ShinkarukC/LW/RW1010024017:191:4010:00050% 2
Igor ShvyrevC0000000012:180:0000:00038% 13
Jakob Forsbacka-KarlssonC101100206:390:0000:00030% 10
Jansen HarkinsC0330204119:301:4002:12052% 25
Jesse GrahamD0112012117:210:0002:5000% 0
Josh BrookD101-2022423:071:4024:2100% 0
Julius HonkaD022-2011122:391:4003:5300% 0
Matej StranskyLW/RW0000232012:170:0000:0000% 2
Michael TeplyLW0000010013:500:0001:3200% 2
Michal KempnyD000-1652026:101:1812:1400% 0
Nathan BastianC/RW202-2082026:451:1815:45150% 30
Reid BoucherC/LW/RW1120013217:191:4010:00067% 3
Reilly WalshD0220023228:591:1815:0000% 0
Ryan O'ReillyRW000102106:390:0000:0000% 0
Tyler WeissLW000101006:420:0000:0300% 1
Moose
Player Name POS G A P +/- PIM HIT SHT SB MP PP MP PP SHT PK MP PK SHT FO% FOT
Alec RegulaD000-1000016:210:0000:0000% 0
Cameron SchillingD0001011122:244:1601:4700% 0
Damien GirouxC/LW0110007021:024:1620:00068% 31
Derrick PouliotD0111002122:244:1611:4700% 0
Fredrik ClaessonD0331033427:404:5321:1100% 0
Isaac RatcliffeLW000000002:580:0000:0000% 0
Jacob NilssonC/LW1122003023:584:5310:24031% 32
Jake VirtanenRW1232074028:254:5301:53050% 12
Mathieu OlivierLW/RW0000039021:024:1630:0000% 2
Nikita ScherbakLW/RW1010204021:134:1600:1200% 2
Patrick MaroonLW000001000:410:0000:4100% 0
Pierre EngvallLW/RW2132006028:154:5311:430100% 2
Remi ElieLW000-1031016:560:0001:03067% 3
Ryan DmowskiLW000000000:000:0000:0000% 0
Ryan McleodC000-1023015:530:0000:00074% 19
Thomas Hickey D0001200127:084:5300:4000% 0
Tyler SteenbergenC/LW/RW000-1015015:530:0000:00067% 3
Wyatte WylieD000-1230016:510:0000:3100% 0



Play-by-Play

1st period


0:01 of 1st period - Nathan Bastian wins face-off versus Jacob Nilsson in neutral zone.
0:04 of 1st period - Fredrik Claesson is hit by Nathan Bastian and loses puck.
0:11 of 1st period - Bryce Kindopp is hit by Jake Virtanen and loses puck.
0:18 of 1st period - Shot by Jacob Nilsson.
0:18 of 1st period - Goal by Jacob Nilsson - Bruins : 0 - Moose : 1.
0:19 of 1st period - Jansen Harkins wins face-off versus Damien Giroux in neutral zone.
0:25 of 1st period - Icing by Cameron Schilling.
0:26 of 1st period - Damien Giroux wins face-off versus Igor Shvyrev in Moose zone.
0:41 of 1st period - Shot by Nikita Scherbak.
0:41 of 1st period - Shot Misses the Net.
0:43 of 1st period - Shot by Nikita Scherbak.
0:43 of 1st period - Stopped by Joey Daccord without a rebound.
0:44 of 1st period - Ryan Mcleod wins face-off versus Jansen Harkins in Bruins zone.
0:45 of 1st period - Shot by Alec Regula.
0:45 of 1st period - Shot Misses the Net.
0:49 of 1st period - Shot by Remi Elie.
0:49 of 1st period - Stopped by Joey Daccord without a rebound.
0:50 of 1st period - Jakob Forsbacka-Karlsson wins face-off versus Jake Virtanen in Bruins zone.
0:59 of 1st period - Shot by Pierre Engvall.
0:59 of 1st period - Stopped by Joey Daccord without a rebound.
1:00 of 1st period - Ryan Mcleod wins face-off versus Nathan Bastian in Bruins zone.
1:17 of 1st period - Wyatte Wylie is hit by Nathan Bastian and loses puck.
1:55 of 1st period - Icing by Reilly Walsh.
1:56 of 1st period - Jansen Harkins wins face-off versus Jacob Nilsson in Bruins zone.
2:39 of 1st period - Michal Kempny is hit by Jake Virtanen and loses puck.
2:50 of 1st period - Jacob Nilsson is hit by Hunter Shinkaruk and loses puck.
3:21 of 1st period - Shot by Damien Giroux.
3:21 of 1st period - Shot Misses the Net.
3:23 of 1st period - Shot by Nikita Scherbak.
3:23 of 1st period - Shot Blocked by Jesse Graham.
3:27 of 1st period - Shot by Mathieu Olivier.
3:27 of 1st period - Stopped by Joey Daccord without a rebound.
3:28 of 1st period - Tyler Steenbergen wins face-off versus Nathan Bastian in Bruins zone.
4:26 of 1st period - Derek Grant is hit by Mathieu Olivier and loses puck.
4:32 of 1st period - Derrick Pouliot is hit by Nathan Bastian.
4:38 of 1st period - Shot by Mathieu Olivier.
4:38 of 1st period - Stopped by Joey Daccord without a rebound.
4:39 of 1st period - Jake Virtanen wins face-off versus Jakob Forsbacka-Karlsson in Bruins zone.
4:42 of 1st period - Shot by Jake Virtanen.
4:42 of 1st period - Stopped by Joey Daccord with a rebound.
5:04 of 1st period - Shot by Ryan O'Reilly.
5:04 of 1st period - Stopped by Kaden Fulcher with a rebound.
5:06 of 1st period - Shot by Ryan O'Reilly.
5:06 of 1st period - Deflect By Jakob Forsbacka-Karlsson.
5:06 of 1st period - Stopped by Kaden Fulcher with a rebound.
5:08 of 1st period - Shot by Michal Kempny.
5:08 of 1st period - Shot Misses the Net.
5:10 of 1st period - Shot by Michal Kempny.
5:10 of 1st period - Stopped by Kaden Fulcher without a rebound.
5:11 of 1st period - Igor Shvyrev wins face-off versus Mathieu Olivier in Moose zone.
5:18 of 1st period - Shot by Matej Stransky.
5:18 of 1st period - Shot Misses the Net.
5:20 of 1st period - Shot by Jesse Graham.
5:20 of 1st period - Stopped by Kaden Fulcher with a rebound.
5:22 of 1st period - Shot by Matej Stransky.
5:22 of 1st period - Stopped by Kaden Fulcher without a rebound.
5:23 of 1st period - Jansen Harkins wins face-off versus Ryan Mcleod in Moose zone.
5:26 of 1st period - Shot by Reid Boucher.
5:26 of 1st period - Stopped by Kaden Fulcher without a rebound.
5:27 of 1st period - Damien Giroux wins face-off versus Hunter Shinkaruk in Moose zone.
5:41 of 1st period - Icing by Michal Kempny.
5:42 of 1st period - Reid Boucher wins face-off versus Jacob Nilsson in Bruins zone.
6:01 of 1st period - Icing by Fredrik Claesson.
6:02 of 1st period - Jacob Nilsson wins face-off versus Igor Shvyrev in Moose zone.
6:21 of 1st period - Jesse Graham is hit by Jake Virtanen and loses puck.
6:29 of 1st period - Matej Stransky is hit by Fredrik Claesson and loses puck.
6:36 of 1st period - Shot by Matej Stransky.
6:36 of 1st period - Shot Misses the Net.
6:38 of 1st period - Shot by Matej Stransky.
6:38 of 1st period - Stopped by Kaden Fulcher without a rebound.
6:39 of 1st period - Nathan Bastian wins face-off versus Damien Giroux in Moose zone.
7:56 of 1st period - Shot by Alec Regula.
7:56 of 1st period - Shot Misses the Net.
7:58 of 1st period - Shot by Tyler Steenbergen.
7:58 of 1st period - Stopped by Joey Daccord with a rebound.
8:00 of 1st period - Shot by Remi Elie.
8:00 of 1st period - Deflect By Ryan Mcleod.
8:00 of 1st period - Stopped by Joey Daccord without a rebound.
8:01 of 1st period - Jansen Harkins wins face-off versus Jake Virtanen in Bruins zone.
8:18 of 1st period - Shot by Julius Honka.
8:18 of 1st period - Stopped by Kaden Fulcher with a rebound.
9:02 of 1st period - Shot by Jesse Graham.
9:02 of 1st period - Stopped by Kaden Fulcher without a rebound.
9:03 of 1st period - Damien Giroux wins face-off versus Igor Shvyrev in Moose zone.
9:07 of 1st period - Minor Penalty to Matej Stransky for Roughing.
9:08 of 1st period - Damien Giroux wins face-off versus Bryce Kindopp in Bruins zone.
9:48 of 1st period - Icing by Derrick Pouliot.
9:49 of 1st period - Damien Giroux wins face-off versus Michael Teply in Moose zone.
10:24 of 1st period - Shot by Fredrik Claesson.
10:24 of 1st period - Stopped by Joey Daccord with a rebound.
11:06 of 1st period - Shot by Nikita Scherbak.
11:06 of 1st period - Deflect By Mathieu Olivier.
11:06 of 1st period - Stopped by Joey Daccord without a rebound.
11:07 of 1st period - Tyler Steenbergen wins face-off versus Tyler Weiss in Bruins zone.
11:08 of 1st period - Shot by Remi Elie.
11:08 of 1st period - Shot Hit the Post.
11:10 of 1st period - Shot by Remi Elie.
11:10 of 1st period - Shot Misses the Net.
11:39 of 1st period - Icing by Wyatte Wylie.
11:40 of 1st period - Ryan Mcleod wins face-off versus Matej Stransky in Moose zone.
11:40 of 1st period - Ryan Mcleod is hit by Matej Stransky.
12:53 of 1st period - Icing by Derrick Pouliot.
12:54 of 1st period - Jansen Harkins wins face-off versus Jacob Nilsson in Moose zone.
13:04 of 1st period - Icing by Jake Virtanen.
13:05 of 1st period - Nathan Bastian wins face-off versus Jacob Nilsson in Moose zone.
14:10 of 1st period - Shot by Hunter Shinkaruk.
14:10 of 1st period - Deflect By Reid Boucher.
14:10 of 1st period - Stopped by Kaden Fulcher with a rebound.
14:14 of 1st period - Shot by Jansen Harkins.
14:14 of 1st period - Deflect By Hunter Shinkaruk.
14:14 of 1st period - Shot Misses the Net.
14:16 of 1st period - Shot by Jesse Graham.
14:16 of 1st period - Shot Misses the Net.
14:18 of 1st period - Shot by Hunter Shinkaruk.
14:18 of 1st period - Shot Misses the Net.
14:20 of 1st period - Shot by Reid Boucher.
14:20 of 1st period - Deflect By Jansen Harkins.
14:20 of 1st period - Shot Blocked by Fredrik Claesson.
14:22 of 1st period - Shot by Jansen Harkins.
14:22 of 1st period - Stopped by Kaden Fulcher with a rebound.
15:06 of 1st period - Shot by Igor Shvyrev.
15:06 of 1st period - Shot Blocked by Fredrik Claesson.
15:30 of 1st period - Shot by Jakob Forsbacka-Karlsson.
15:30 of 1st period - Goal by Jakob Forsbacka-Karlsson - Bruins : 1 - Moose : 1.
15:31 of 1st period - Nathan Bastian wins face-off versus Jacob Nilsson in neutral zone.
15:48 of 1st period - Shot by Bryce Kindopp.
15:48 of 1st period - Stopped by Kaden Fulcher without a rebound.
15:49 of 1st period - Ryan Mcleod wins face-off versus Jansen Harkins in Moose zone.
16:29 of 1st period - Shot by Hunter Shinkaruk.
16:29 of 1st period - Goal by Hunter Shinkaruk - Bruins : 2 - Moose : 1.
16:30 of 1st period - Nathan Bastian wins face-off versus Jacob Nilsson in neutral zone.
16:59 of 1st period - Shot by Reilly Walsh.
16:59 of 1st period - Stopped by Kaden Fulcher with a rebound.
17:15 of 1st period - Michal Kempny is hit by Jake Virtanen.
17:16 of 1st period - Icing by Michal Kempny.
17:17 of 1st period - Ryan Mcleod wins face-off versus Nathan Bastian in Bruins zone.
17:22 of 1st period - Shot by Tyler Steenbergen.
17:22 of 1st period - Stopped by Joey Daccord without a rebound.
17:23 of 1st period - Jansen Harkins wins face-off versus Ryan Mcleod in Bruins zone.
17:50 of 1st period - Julius Honka is hit by Tyler Steenbergen and loses puck.
18:10 of 1st period - Off-side.
18:11 of 1st period - Jakob Forsbacka-Karlsson wins face-off versus Jacob Nilsson in neutral zone.
19:20 of 1st period - Shot by Reilly Walsh.
19:20 of 1st period - Shot Misses the Net.
19:22 of 1st period - Shot by Nathan Bastian.
19:22 of 1st period - Deflect By Bryce Kindopp.
19:22 of 1st period - Stopped by Kaden Fulcher without a rebound.
19:23 of 1st period - Ryan Mcleod wins face-off versus Igor Shvyrev in Moose zone.
19:27 of 1st period - Derrick Pouliot is hit by Josh Brook and loses puck.
19:51 of 1st period - Shot by Tyler Steenbergen.
19:51 of 1st period - Stopped by Joey Daccord without a rebound.
19:52 of 1st period - Damien Giroux wins face-off versus Nathan Bastian in Bruins zone.
Goals for this period are 2 for Bruins vs 1 for Moose.
Shots for this period are 16 for Bruins vs 13 for Moose.

2nd period


0:01 of 2nd period - Nathan Bastian wins face-off versus Jacob Nilsson in neutral zone.
0:29 of 2nd period - Shot by Nathan Bastian.
0:29 of 2nd period - Shot Misses the Net.
0:31 of 2nd period - Shot by Bryce Kindopp.
0:31 of 2nd period - Shot Misses the Net.
0:56 of 2nd period - Minor Penalty to Nikita Scherbak for Holding.
0:57 of 2nd period - Jansen Harkins wins face-off versus Remi Elie in Moose zone.
1:00 of 2nd period - Shot by Hunter Shinkaruk.
1:00 of 2nd period - Stopped by Kaden Fulcher without a rebound.
1:01 of 2nd period - Jake Virtanen wins face-off versus Jansen Harkins in Moose zone.
1:01 of 2nd period - Jake Virtanen is hit by Hunter Shinkaruk.
1:29 of 2nd period - Shot by Jansen Harkins.
1:29 of 2nd period - Shot Misses the Net.
1:31 of 2nd period - Shot by Josh Brook.
1:31 of 2nd period - Stopped by Kaden Fulcher without a rebound.
1:32 of 2nd period - Jake Virtanen wins face-off versus Nathan Bastian in Moose zone.
1:45 of 2nd period - Shot by Bryce Kindopp.
1:45 of 2nd period - Deflect By Nathan Bastian.
1:45 of 2nd period - Goal by Nathan Bastian - Bruins : 3 - Moose : 1.
1:46 of 2nd period - Damien Giroux wins face-off versus Igor Shvyrev in neutral zone.
2:10 of 2nd period - Nikita Scherbak is hit by Matej Stransky and loses puck.
2:18 of 2nd period - Damien Giroux is hit by Darren Dietz and loses puck.
2:23 of 2nd period - Shot by Damien Giroux.
2:23 of 2nd period - Stopped by Joey Daccord without a rebound.
2:24 of 2nd period - Ryan Mcleod wins face-off versus Nathan Bastian in Bruins zone.
2:32 of 2nd period - Icing by Reilly Walsh.
2:33 of 2nd period - Nathan Bastian wins face-off versus Jake Virtanen in Bruins zone.
2:35 of 2nd period - Icing by Bryce Kindopp.
2:36 of 2nd period - Nathan Bastian wins face-off versus Jake Virtanen in Bruins zone.
2:55 of 2nd period - Shot by Derek Grant.
2:55 of 2nd period - Deflect By Bryce Kindopp.
2:55 of 2nd period - Shot Misses the Net.
2:57 of 2nd period - Shot by Bryce Kindopp.
2:57 of 2nd period - Stopped by Kaden Fulcher without a rebound.
2:58 of 2nd period - Damien Giroux wins face-off versus Jansen Harkins in Moose zone.
3:05 of 2nd period - Shot by Mathieu Olivier.
3:05 of 2nd period - Shot Blocked by Josh Brook.
3:38 of 2nd period - Shot by Jansen Harkins.
3:38 of 2nd period - Stopped by Kaden Fulcher without a rebound.
3:39 of 2nd period - Jacob Nilsson wins face-off versus Nathan Bastian in Moose zone.
3:39 of 2nd period - Jacob Nilsson is hit by Nathan Bastian.
4:01 of 2nd period - Shot by Fredrik Claesson.
4:01 of 2nd period - Shot Misses the Net.
4:03 of 2nd period - Shot by Fredrik Claesson.
4:03 of 2nd period - Stopped by Joey Daccord without a rebound.
4:04 of 2nd period - Igor Shvyrev wins face-off versus Ryan Mcleod in Bruins zone.
4:06 of 2nd period - Michael Teply is hit by Ryan Mcleod and loses puck.
4:11 of 2nd period - Tyler Steenbergen is hit by Michael Teply and loses puck.
4:43 of 2nd period - Minor Penalty to Wyatte Wylie for Tripping.
4:44 of 2nd period - Nathan Bastian wins face-off versus Jake Virtanen in Moose zone.
4:53 of 2nd period - Shot by Bryce Kindopp.
4:53 of 2nd period - Shot Misses the Net.
5:12 of 2nd period - Shot by Reilly Walsh.
5:12 of 2nd period - Shot Blocked by Cameron Schilling.
5:14 of 2nd period - Shot by Reilly Walsh.
5:14 of 2nd period - Stopped by Kaden Fulcher without a rebound.
5:15 of 2nd period - Reid Boucher wins face-off versus Jake Virtanen in Moose zone.
5:26 of 2nd period - Shot by Josh Brook.
5:26 of 2nd period - Goal by Josh Brook - Bruins : 4 - Moose : 1.
5:27 of 2nd period - Damien Giroux wins face-off versus Jakob Forsbacka-Karlsson in neutral zone.
5:29 of 2nd period - Cameron Schilling is hit by Ryan O'Reilly and loses puck.
5:41 of 2nd period - Derrick Pouliot is hit by Ryan O'Reilly and loses puck.
5:58 of 2nd period - Shot by Mathieu Olivier.
5:58 of 2nd period - Stopped by Joey Daccord without a rebound.
5:59 of 2nd period - Jacob Nilsson wins face-off versus Nathan Bastian in Bruins zone.
6:17 of 2nd period - Icing by Thomas Hickey .
6:18 of 2nd period - Pierre Engvall wins face-off versus Jansen Harkins in Moose zone.
6:49 of 2nd period - Shot by Jake Virtanen.
6:49 of 2nd period - Shot Misses the Net.
7:16 of 2nd period - Damien Giroux is hit by Reilly Walsh and loses puck.
7:32 of 2nd period - Shot by Nikita Scherbak.
7:32 of 2nd period - Stopped by Joey Daccord without a rebound.
7:33 of 2nd period - Ryan Mcleod wins face-off versus Matej Stransky in Bruins zone.
7:35 of 2nd period - Tyler Steenbergen is hit by Jesse Graham and loses puck.
7:44 of 2nd period - Shot by Ryan Mcleod.
7:44 of 2nd period - Deflect By Tyler Steenbergen.
7:44 of 2nd period - Stopped by Joey Daccord without a rebound.
7:45 of 2nd period - Jake Virtanen wins face-off versus Jakob Forsbacka-Karlsson in Bruins zone.
8:00 of 2nd period - Shot by Jake Virtanen.
8:00 of 2nd period - Shot Misses the Net.
8:13 of 2nd period - Tyler Weiss is hit by Wyatte Wylie and loses puck.
9:06 of 2nd period - Shot by Nikita Scherbak.
9:06 of 2nd period - Goal by Nikita Scherbak - Bruins : 4 - Moose : 2.
9:07 of 2nd period - Ryan Mcleod wins face-off versus Jansen Harkins in neutral zone.
9:10 of 2nd period - Shot by Cameron Schilling.
9:10 of 2nd period - Shot Blocked by Jansen Harkins.
9:12 of 2nd period - Shot by Remi Elie.
9:12 of 2nd period - Shot Blocked by Darren Dietz.
9:14 of 2nd period - Shot by Cameron Schilling.
9:14 of 2nd period - Shot Misses the Net.
9:16 of 2nd period - Shot by Ryan Mcleod.
9:16 of 2nd period - Stopped by Joey Daccord with a rebound.
9:36 of 2nd period - Shot by Derrick Pouliot.
9:36 of 2nd period - Deflect By Ryan Mcleod.
9:36 of 2nd period - Stopped by Joey Daccord without a rebound.
9:37 of 2nd period - Damien Giroux wins face-off versus Igor Shvyrev in Bruins zone.
9:52 of 2nd period - Shot by Damien Giroux.
9:52 of 2nd period - Stopped by Joey Daccord without a rebound.
9:53 of 2nd period - Jacob Nilsson wins face-off versus Nathan Bastian in Bruins zone.
9:53 of 2nd period - Jacob Nilsson is hit by Josh Brook.
10:11 of 2nd period - Shot by Bryce Kindopp.
10:11 of 2nd period - Stopped by Kaden Fulcher without a rebound.
10:12 of 2nd period - Damien Giroux wins face-off versus Jansen Harkins in Moose zone.
10:47 of 2nd period - Jansen Harkins is hit by Fredrik Claesson and loses puck.
11:19 of 2nd period - Mathieu Olivier is hit by Nathan Bastian and loses puck.
12:14 of 2nd period - Jake Virtanen is hit by Darren Dietz and loses puck.
13:22 of 2nd period - Shot by Pierre Engvall.
13:22 of 2nd period - Stopped by Joey Daccord without a rebound.
13:23 of 2nd period - Jake Virtanen wins face-off versus Jansen Harkins in Bruins zone.
13:29 of 2nd period - Off-side.
13:30 of 2nd period - Jacob Nilsson wins face-off versus Nathan Bastian in neutral zone.
13:30 of 2nd period - Jake Virtanen is hit by Nathan Bastian and loses puck.
13:46 of 2nd period - Shot by Jake Virtanen.
13:46 of 2nd period - Goal by Jake Virtanen - Bruins : 4 - Moose : 3.
13:47 of 2nd period - Jansen Harkins wins face-off versus Ryan Mcleod in neutral zone.
13:47 of 2nd period - Reilly Walsh is hit by Remi Elie and loses puck.
13:57 of 2nd period - Reid Boucher is hit by Fredrik Claesson and loses puck.
14:03 of 2nd period - Off-side.
14:04 of 2nd period - Damien Giroux wins face-off versus Nathan Bastian in neutral zone.
14:18 of 2nd period - Shot by Nikita Scherbak.
14:18 of 2nd period - Stopped by Joey Daccord with a rebound.
14:20 of 2nd period - Shot by Nikita Scherbak.
14:20 of 2nd period - Shot Misses the Net.
14:22 of 2nd period - Shot by Mathieu Olivier.
14:22 of 2nd period - Shot Misses the Net.
16:01 of 2nd period - Off-side.
16:02 of 2nd period - Damien Giroux wins face-off versus Michael Teply in neutral zone.
16:04 of 2nd period - Off-side.
16:05 of 2nd period - Igor Shvyrev wins face-off versus Damien Giroux in neutral zone.
16:37 of 2nd period - Icing by Wyatte Wylie.
16:38 of 2nd period - Damien Giroux wins face-off versus Reid Boucher in Moose zone.
16:40 of 2nd period - Icing by Nikita Scherbak.
16:41 of 2nd period - Jansen Harkins wins face-off versus Damien Giroux in Moose zone.
16:42 of 2nd period - Shot by Reid Boucher.
16:42 of 2nd period - Deflect By Hunter Shinkaruk.
16:42 of 2nd period - Stopped by Kaden Fulcher with a rebound.
16:47 of 2nd period - Damien Giroux is hit by Michal Kempny and loses puck.
16:54 of 2nd period - Shot by Damien Giroux.
16:54 of 2nd period - Shot Misses the Net.
17:00 of 2nd period - Shot by Mathieu Olivier.
17:00 of 2nd period - Stopped by Joey Daccord with a rebound.
17:02 of 2nd period - Shot by Nikita Scherbak.
17:02 of 2nd period - Shot Blocked by Reid Boucher.
17:26 of 2nd period - Shot by Pierre Engvall.
17:26 of 2nd period - Shot Misses the Net.
17:28 of 2nd period - Shot by Fredrik Claesson.
17:28 of 2nd period - Shot Misses the Net.
17:30 of 2nd period - Shot by Pierre Engvall.
17:30 of 2nd period - Goal by Pierre Engvall - Bruins : 4 - Moose : 4.
17:31 of 2nd period - Ryan Mcleod wins face-off versus Nathan Bastian in neutral zone.
17:34 of 2nd period - Bryce Kindopp is hit by Ryan Mcleod and loses puck.
18:32 of 2nd period - Icing by Jesse Graham.
18:33 of 2nd period - Igor Shvyrev wins face-off versus Jacob Nilsson in Bruins zone.
19:15 of 2nd period - Reilly Walsh is hit by Jake Virtanen and loses puck.
19:24 of 2nd period - Shot by Jansen Harkins.
19:24 of 2nd period - Stopped by Kaden Fulcher with a rebound.
19:26 of 2nd period - Shot by Reilly Walsh.
19:26 of 2nd period - Stopped by Kaden Fulcher with a rebound.
19:32 of 2nd period - Shot by Hunter Shinkaruk.
19:32 of 2nd period - Stopped by Kaden Fulcher without a rebound.
19:33 of 2nd period - Damien Giroux wins face-off versus Nathan Bastian in Moose zone.
19:52 of 2nd period - Off-side.
19:53 of 2nd period - Ryan Mcleod wins face-off versus Jansen Harkins in neutral zone.
19:58 of 2nd period - Shot by Remi Elie.
19:58 of 2nd period - Shot Misses the Net.
Goals for this period are 2 for Bruins vs 3 for Moose.
Shots for this period are 12 for Bruins vs 14 for Moose.

3rd period


0:01 of 3rd period - Nathan Bastian wins face-off versus Jacob Nilsson in neutral zone.
0:24 of 3rd period - Icing by Thomas Hickey .
0:25 of 3rd period - Jacob Nilsson wins face-off versus Jansen Harkins in Moose zone.
0:29 of 3rd period - Thomas Hickey is hit by Julius Honka.
0:48 of 3rd period - Shot by Pierre Engvall.
0:48 of 3rd period - Deflect By Jacob Nilsson.
0:48 of 3rd period - Shot Blocked by Josh Brook.
1:22 of 3rd period - Shot by Damien Giroux.
1:22 of 3rd period - Shot Misses the Net.
1:30 of 3rd period - Minor Penalty to Michal Kempny for Hooking.
1:31 of 3rd period - Jacob Nilsson wins face-off versus Bryce Kindopp in Bruins zone.
1:52 of 3rd period - Shot by Pierre Engvall.
1:52 of 3rd period - Shot Misses the Net.
1:54 of 3rd period - Shot by Thomas Hickey .
1:54 of 3rd period - Shot Misses the Net.
1:56 of 3rd period - Shot by Thomas Hickey .
1:56 of 3rd period - Shot Blocked by Reilly Walsh.
2:13 of 3rd period - Icing by Cameron Schilling.
2:14 of 3rd period - Derek Grant wins face-off versus Damien Giroux in Moose zone.
2:24 of 3rd period - Icing by Damien Giroux.
2:25 of 3rd period - Damien Giroux wins face-off versus Bryce Kindopp in Moose zone.
2:34 of 3rd period - Josh Brook is hit by Mathieu Olivier.
3:11 of 3rd period - Shot by Jacob Nilsson.
3:11 of 3rd period - Shot Misses the Net.
3:13 of 3rd period - Shot by Fredrik Claesson.
3:13 of 3rd period - Stopped by Joey Daccord without a rebound.
3:14 of 3rd period - Bryce Kindopp wins face-off versus Jacob Nilsson in Bruins zone.
3:34 of 3rd period - Minor Penalty to Darren Dietz for Tripping.
3:35 of 3rd period - Damien Giroux wins face-off versus Derek Grant in Bruins zone.
3:50 of 3rd period - Shot by Derrick Pouliot.
3:50 of 3rd period - Shot Misses the Net.
3:52 of 3rd period - Shot by Derrick Pouliot.
3:52 of 3rd period - Stopped by Joey Daccord without a rebound.
3:53 of 3rd period - Bryce Kindopp wins face-off versus Jacob Nilsson in Bruins zone.
4:04 of 3rd period - Shot by Thomas Hickey .
4:04 of 3rd period - Shot Misses the Net.
4:06 of 3rd period - Shot by Jake Virtanen.
4:06 of 3rd period - Shot Misses the Net.
4:08 of 3rd period - Shot by Jacob Nilsson.
4:08 of 3rd period - Stopped by Joey Daccord with a rebound.
4:10 of 3rd period - Shot by Pierre Engvall.
4:10 of 3rd period - Goal by Pierre Engvall - Bruins : 4 - Moose : 5.
4:11 of 3rd period - Igor Shvyrev wins face-off versus Ryan Mcleod in neutral zone.
5:00 of 3rd period - Michael Teply is hit by Remi Elie and loses puck.
5:15 of 3rd period - Icing by Jake Virtanen.
5:16 of 3rd period - Nathan Bastian wins face-off versus Jacob Nilsson in Moose zone.
6:18 of 3rd period - Minor Penalty to Thomas Hickey for Roughing.
6:19 of 3rd period - Remi Elie wins face-off versus Jansen Harkins in Moose zone.
6:25 of 3rd period - Icing by Hunter Shinkaruk.
6:26 of 3rd period - Jake Virtanen wins face-off versus Jansen Harkins in Bruins zone.
6:42 of 3rd period - Josh Brook is hit by Patrick Maroon and loses puck.
7:15 of 3rd period - Derek Grant is hit by Jake Virtanen and loses puck.
7:24 of 3rd period - Shot by Bryce Kindopp.
7:24 of 3rd period - Deflect By Derek Grant.
7:24 of 3rd period - Shot Misses the Net.
7:32 of 3rd period - Shot by Michal Kempny.
7:32 of 3rd period - Stopped by Kaden Fulcher without a rebound.
7:33 of 3rd period - Nathan Bastian wins face-off versus Nikita Scherbak in Moose zone.
7:42 of 3rd period - Shot by Bryce Kindopp.
7:42 of 3rd period - Stopped by Kaden Fulcher without a rebound.
7:43 of 3rd period - Jansen Harkins wins face-off versus Nikita Scherbak in Moose zone.
7:44 of 3rd period - Shot by Julius Honka.
7:44 of 3rd period - Deflect By Reid Boucher.
7:44 of 3rd period - Goal by Reid Boucher - Bruins : 5 - Moose : 5.
7:45 of 3rd period - Damien Giroux wins face-off versus Jakob Forsbacka-Karlsson in neutral zone.
7:45 of 3rd period - Damien Giroux is hit by Tyler Weiss.
8:09 of 3rd period - Shot by Damien Giroux.
8:09 of 3rd period - Stopped by Joey Daccord with a rebound.
8:11 of 3rd period - Shot by Mathieu Olivier.
8:11 of 3rd period - Shot Misses the Net.
8:13 of 3rd period - Shot by Mathieu Olivier.
8:13 of 3rd period - Stopped by Joey Daccord without a rebound.
8:14 of 3rd period - Ryan Mcleod wins face-off versus Nathan Bastian in Bruins zone.
8:15 of 3rd period - Shot by Cameron Schilling.
8:15 of 3rd period - Stopped by Joey Daccord without a rebound.
8:16 of 3rd period - Nathan Bastian wins face-off versus Jacob Nilsson in Bruins zone.
8:30 of 3rd period - Shot by Fredrik Claesson.
8:30 of 3rd period - Shot Misses the Net.
8:32 of 3rd period - Shot by Fredrik Claesson.
8:32 of 3rd period - Shot Blocked by Reilly Walsh.
8:48 of 3rd period - Shot by Jake Virtanen.
8:48 of 3rd period - Stopped by Joey Daccord without a rebound.
8:49 of 3rd period - Hunter Shinkaruk wins face-off versus Damien Giroux in Bruins zone.
9:08 of 3rd period - Shot by Mathieu Olivier.
9:08 of 3rd period - Deflect By Damien Giroux.
9:08 of 3rd period - Stopped by Joey Daccord without a rebound.
9:09 of 3rd period - Ryan Mcleod wins face-off versus Jakob Forsbacka-Karlsson in Bruins zone.
9:10 of 3rd period - Shot by Tyler Steenbergen.
9:10 of 3rd period - Shot Misses the Net.
9:13 of 3rd period - Icing by Darren Dietz.
9:14 of 3rd period - Jacob Nilsson wins face-off versus Jakob Forsbacka-Karlsson in Bruins zone.
9:15 of 3rd period - Shot by Pierre Engvall.
9:15 of 3rd period - Stopped by Joey Daccord without a rebound.
9:16 of 3rd period - Nathan Bastian wins face-off versus Jacob Nilsson in Bruins zone.
9:16 of 3rd period - Nathan Bastian is hit by Jake Virtanen.
9:21 of 3rd period - Icing by Bryce Kindopp.
9:22 of 3rd period - Jacob Nilsson wins face-off versus Derek Grant in Bruins zone.
9:35 of 3rd period - Shot by Pierre Engvall.
9:35 of 3rd period - Stopped by Joey Daccord without a rebound.
9:36 of 3rd period - Jansen Harkins wins face-off versus Damien Giroux in Bruins zone.
9:42 of 3rd period - Minor Penalty to Jansen Harkins for High sticking.
9:43 of 3rd period - Bryce Kindopp wins face-off versus Jacob Nilsson in Bruins zone.
10:18 of 3rd period - Icing by Thomas Hickey .
10:19 of 3rd period - Bryce Kindopp wins face-off versus Jacob Nilsson in Moose zone.
11:21 of 3rd period - Shot by Mathieu Olivier.
11:21 of 3rd period - Stopped by Joey Daccord without a rebound.
11:22 of 3rd period - Pierre Engvall wins face-off versus Bryce Kindopp in Bruins zone.
11:22 of 3rd period - Pierre Engvall is hit by Michal Kempny.
11:56 of 3rd period - Shot by Hunter Shinkaruk.
11:56 of 3rd period - Shot Misses the Net.
12:19 of 3rd period - Shot by Tyler Steenbergen.
12:19 of 3rd period - Stopped by Joey Daccord without a rebound.
12:20 of 3rd period - Damien Giroux wins face-off versus Igor Shvyrev in Bruins zone.
12:21 of 3rd period - Shot by Mathieu Olivier.
12:21 of 3rd period - Deflect By Damien Giroux.
12:21 of 3rd period - Stopped by Joey Daccord with a rebound.
12:23 of 3rd period - Shot by Mathieu Olivier.
12:23 of 3rd period - Shot Misses the Net.
12:25 of 3rd period - Shot by Nikita Scherbak.
12:25 of 3rd period - Shot Misses the Net.
12:41 of 3rd period - Shot by Mathieu Olivier.
12:41 of 3rd period - Shot Misses the Net.
12:50 of 3rd period - Nikita Scherbak is hit by Michal Kempny and loses puck.
13:42 of 3rd period - Fredrik Claesson is hit by Matej Stransky and loses puck.
13:49 of 3rd period - Shot by Jake Virtanen.
13:49 of 3rd period - Stopped by Joey Daccord without a rebound.
13:50 of 3rd period - Ryan Mcleod wins face-off versus Nathan Bastian in Bruins zone.
14:55 of 3rd period - Cameron Schilling is hit by Nathan Bastian.
15:10 of 3rd period - Shot by Damien Giroux.
15:10 of 3rd period - Shot Misses the Net.
15:12 of 3rd period - Shot by Nikita Scherbak.
15:12 of 3rd period - Shot Blocked by Josh Brook.
15:37 of 3rd period - Darren Dietz is hit by Cameron Schilling and loses puck.
16:23 of 3rd period - Off-side.
16:24 of 3rd period - Remi Elie wins face-off versus Jakob Forsbacka-Karlsson in neutral zone.
16:32 of 3rd period - Tyler Steenbergen is hit by Reilly Walsh and loses puck.
17:53 of 3rd period - Icing by Darren Dietz.
17:54 of 3rd period - Damien Giroux wins face-off versus Igor Shvyrev in Bruins zone.
17:57 of 3rd period - Shot by Mathieu Olivier.
17:57 of 3rd period - Stopped by Joey Daccord without a rebound.
17:58 of 3rd period - Jansen Harkins wins face-off versus Mathieu Olivier in Bruins zone.
17:58 of 3rd period - Julius Honka is hit by Mathieu Olivier and loses puck.
18:26 of 3rd period - Nikita Scherbak is hit by Reid Boucher and loses puck.
18:31 of 3rd period - Shot by Hunter Shinkaruk.
18:31 of 3rd period - Shot Blocked by Derrick Pouliot.
18:33 of 3rd period - Shot by Jansen Harkins.
18:33 of 3rd period - Stopped by Kaden Fulcher without a rebound.
18:34 of 3rd period - Nathan Bastian wins face-off versus Tyler Steenbergen in Moose zone.
18:40 of 3rd period - Derek Grant is hit by Wyatte Wylie and loses puck.
19:10 of 3rd period - Nathan Bastian is hit by Wyatte Wylie and loses puck.
19:59 of 3rd period - Reid Boucher is hit by Remi Elie and loses puck.
Goals for this period are 1 for Bruins vs 1 for Moose.
Shots for this period are 4 for Bruins vs 16 for Moose.

Overtime #1


0:01 of 1st overtime period - Jacob Nilsson wins face-off versus Derek Grant in neutral zone.
0:01 of 1st overtime period - Jake Virtanen is hit by Nathan Bastian and loses puck.
0:08 of 1st overtime period - Shot by Jake Virtanen.
0:08 of 1st overtime period - Deflect By Jacob Nilsson.
0:08 of 1st overtime period - Stopped by Joey Daccord without a rebound.
0:09 of 1st overtime period - Jansen Harkins wins face-off versus Jacob Nilsson in Bruins zone.
0:27 of 1st overtime period - Minor Penalty to Michal Kempny for Interference.
0:28 of 1st overtime period - Bryce Kindopp wins face-off versus Damien Giroux in Bruins zone.
0:49 of 1st overtime period - Shot by Mathieu Olivier.
0:49 of 1st overtime period - Deflect By Damien Giroux.
0:49 of 1st overtime period - Shot Blocked by Julius Honka.
0:51 of 1st overtime period - Shot by Damien Giroux.
0:51 of 1st overtime period - Stopped by Joey Daccord without a rebound.
0:52 of 1st overtime period - Bryce Kindopp wins face-off versus Jacob Nilsson in Bruins zone.
1:36 of 1st overtime period - Off-side.
1:37 of 1st overtime period - Damien Giroux wins face-off versus Derek Grant in neutral zone.
1:40 of 1st overtime period - Shot by Mathieu Olivier.
1:40 of 1st overtime period - Stopped by Joey Daccord without a rebound.
1:41 of 1st overtime period - Bryce Kindopp wins face-off versus Damien Giroux in Bruins zone.
1:54 of 1st overtime period - Shot by Damien Giroux.
1:54 of 1st overtime period - Stopped by Joey Daccord with a rebound.
2:22 of 1st overtime period - Shot by Damien Giroux.
2:22 of 1st overtime period - Shot Blocked by Josh Brook.
2:58 of 1st overtime period - Shot by Igor Shvyrev.
2:58 of 1st overtime period - Shot Misses the Net.
3:00 of 1st overtime period - Shot by Reilly Walsh.
3:00 of 1st overtime period - Shot Misses the Net.
3:02 of 1st overtime period - Shot by Michal Kempny.
3:02 of 1st overtime period - Deflect By Michael Teply.
3:02 of 1st overtime period - Shot Misses the Net.
3:26 of 1st overtime period - Shot by Jansen Harkins.
3:26 of 1st overtime period - Shot Misses the Net.
3:28 of 1st overtime period - Shot by Hunter Shinkaruk.
3:28 of 1st overtime period - Shot Blocked by Thomas Hickey .
3:52 of 1st overtime period - Shot by Jacob Nilsson.
3:52 of 1st overtime period - Shot Blocked by Reid Boucher.
4:17 of 1st overtime period - Icing by Julius Honka.
4:18 of 1st overtime period - Jakob Forsbacka-Karlsson wins face-off versus Damien Giroux in Bruins zone.
4:43 of 1st overtime period - Shot by Damien Giroux.
4:43 of 1st overtime period - Shot Misses the Net.
4:45 of 1st overtime period - Shot by Derrick Pouliot.
4:45 of 1st overtime period - Stopped by Joey Daccord with a rebound.
4:56 of 1st overtime period - Shot by Damien Giroux.
4:56 of 1st overtime period - Shot Misses the Net.
5:17 of 1st overtime period - Alec Regula is hit by Michal Kempny and loses puck.
5:45 of 1st overtime period - Remi Elie is hit by Michal Kempny and loses puck.
5:47 of 1st overtime period - Minor Penalty to Michal Kempny for Interference.
5:48 of 1st overtime period - Bryce Kindopp wins face-off versus Jacob Nilsson in Bruins zone.
5:56 of 1st overtime period - Icing by Fredrik Claesson.
5:57 of 1st overtime period - Bryce Kindopp wins face-off versus Jacob Nilsson in Moose zone.
6:04 of 1st overtime period - Shot by Nathan Bastian.
6:04 of 1st overtime period - Shot Blocked by Fredrik Claesson.
6:06 of 1st overtime period - Shot by Jesse Graham.
6:06 of 1st overtime period - Shot Blocked by Fredrik Claesson.
6:08 of 1st overtime period - Shot by Nathan Bastian.
6:08 of 1st overtime period - Shot Misses the Net.
6:10 of 1st overtime period - Shot by Reilly Walsh.
6:10 of 1st overtime period - Shot Misses the Net.
6:24 of 1st overtime period - Shot by Nathan Bastian.
6:24 of 1st overtime period - Goal by Nathan Bastian - Bruins : 6 - Moose : 5.
Goals for this period are 1 for Bruins vs 0 for Moose.
Shots for this period are 1 for Bruins vs 5 for Moose.